[Event "Late-Titled-Tuesday-Blitz-February-27-2024"]
[Site "Chess.com"]
[Date "2024.02.27"]
[Round "2"]
[White "subham777"]
[Black "Hui_Li_Macau"]
[Result "1/2-1/2"]
[WhiteElo "2545"]
[BlackElo "2357"]
[TimeControl "180+1"]
[EndTime "14:18:26 PST"]
[Termination "Game drawn by repetition"]

1. e4 e5 2. Nf3 Nf6 3. Nxe5 d6 4. Nf3 Nxe4 5. Nc3 Nxc3 6. dxc3 Be7 7. Be3 Nc6 8. Qd2 Be6 9. Bd3 Qd7 10. O-O O-O 11. Nd4 Nxd4 12. cxd4 d5 13. f4 Bf5 14. h3 Rfe8 15.
Rae1 c6 16. g4 Bxd3 17. Qxd3 Bd6 18. Bd2 Rxe1 19. Rxe1 Re8 20. Rxe8+ Qxe8 21. Kf2 g6 22. Be3 Qe7 23. Kg3 Qe6 24. b3 f5 25. gxf5 Qxf5 26. Qxf5 gxf5 27. Kh4 Be7+ 28. Kh5 Kg7 29. Bf2 Bf6 30. c3 b6 31. b4 a6 32. a4 Be7 33.
Be1 Bf6 34. Bd2 Be7 35. Be3 Bf6 36. Bf2 Be7 37. Bh4 Bxh4 38. Kxh4 Kg6 39. Kg3 Kh5 40. Kf3 Kg6 41. Ke3 Kh6 42. Kd3 b5 43. axb5 axb5 44.
Ke3 Kh5 45. Kf3 Kg6 46. Kg3 Kf6 47. Kh4 Kg6 48. Kg3 Kg7 49. Kf3 Kh6 50. Ke3 Kg6 51. Kf3 Kg7 52. Kf2 Kf6 53. Kg2 Kg6 54. Kg3 1/2-1/2

[Event "Late-Titled-Tuesday-Blitz-February-27-2024"]
[Site "Chess.com"]
[Date "2024.02.27"]
[Round "2"]
[White "DeArron_Fox"]
[Black "HeinichessPY"]
[Result "0-1"]
[WhiteElo "2476"]
[BlackElo "2242"]
[TimeControl "180+1"]
[EndTime "14:18:26 PST"]
[Termination "HeinichessPY won on time"]

1. d4 Nf6 2. c4 e6 3. Nf3 Bb4+ 4. Bd2 a5 5. g3 b6 6. Bg2 Bb7 7. O-O O-O 8. Bf4 Re8 9. c5 a4 10. a3 Ba5 11. Qxa4 bxc5 12. dxc5 Nd5 13. Qc4 Ba6 14. Qe4 f5 15. Qc2 Nxf4 16. gxf4 c6 17. Rd1 Bc7 18.
e3 Qf6 19. Nc3 Bc4 20. Nd2 Bd5 21. f3 g5 22. Nxd5 exd5 23. fxg5 Qxg5 24. f4 Qe7 25.
Qxf5 Qxe3+ 26. Kh1 Qxf4 27. Qxf4 Bxf4 28. Nf3 Re2 29. b4 Na6 30. Nd4 Re5 31. b5 Nxc5 32. bxc6 dxc6 33. Nxc6 Rh5 34. Ne7+ Kf7 35. Nxd5 Bxh2 36.
Bf3 Rh6 37. Kg2 Rg8+ 38. Kf2 Bg3+ 39. Ke3 Re6+ 40. Kd4 Nb3+ 41. Kc4 Nxa1 42. Rxa1 Rc8+ 43. Kd3 Rd8 44. Rf1 Rf6 45. Bh5+ Kg7 46. Rxf6 Rxd5+ 47. Kc4 Rxh5 48. Rf3 Rh4+ 49. Kb5 Rg4 50. a4 h5 51.
a5 h4 52. a6 Rg5+ 53. Kc6 Rg6+ 54. Kb7 Kh6 55. a7 Rg7+ 56. Kc8 Rg8+ 57. Kb7 Rg7+ 58. Kc8 Rxa7 59. Rf6+ Kg5 60. Rf8 Ra8+ 0-1

[Event "Late-Titled-Tuesday-Blitz-February-27-2024"]
[Site "Chess.com"]
[Date "2024.02.27"]
[Round "2"]
[White "ansko1999"]
[Black "lagedema"]
[Result "1/2-1/2"]
[WhiteElo "2726"]
[BlackElo "2407"]
[TimeControl "180+1"]
[EndTime "14:18:29 PST"]
[Termination "Game drawn by repetition"]

1. Nf3 d5 2. e3 Nf6 3. c4 e6 4. b3 Bd6 5. Bb2 Nbd7 6. Nc3 O-O 7. Qc2 c6 8. d4 e5 9. cxd5 exd4 10.
Nxd4 Nxd5 11. Nxd5 cxd5 12. Bd3 Bb4+ 13. Bc3 Bxc3+ 14.
Qxc3 Ne5 15. O-O Re8 16. Rac1 Bg4 17. Bb5 Bd7 18. Qc7 Bxb5 19. Nxb5 a6 20. Nd6 Re7 21. Qxd8+ Rxd8 22. Nf5 Red7 23. Rfd1 g6 24. Nd4 Kf8 25. h3 Ke7 26. Kf1 f5 27. Ke2 Nf7 28. Rc5 Ng5 29.
Rdc1 Ne6 30. Nxe6 Kxe6 31. Rc8 d4 32. Rxd8 Rxd8 33. Rc7 dxe3 34. Kxe3 Rd7 35. Rxd7 Kxd7 36. Kf4 Ke6 37. Kg5 Kf7 38. Kh6 Kg8 39. f4 a5 40.
a3 b5 41. b4 axb4 42. axb4 Kh8 43. h4 Kg8 44. h5 gxh5 45. Kxh5 Kf7 46. Kh6 Ke6 47.
Kxh7 Kd5 48. Kg6 Kc4 49. Kxf5 Kxb4 50. g4 Kc5 51. g5 b4 52. g6 b3 53. g7 b2 54.
g8=Q b1=Q+ 55. Kf6 Qb2+ 56. Ke7 Qb7+ 57. Kf8 Qc8+ 58.
Kg7 Qg4+ 59. Kh8 Qxf4 60. Qg7 Qh4+ 61. Kg8 Qd8+ 62. Kh7 Qh4+ 63. Kg8 Qd8+ 64. Kh7 Qh4+ 65. Kg8 1/2-1/2

[Event "Late-Titled-Tuesday-Blitz-February-27-2024"]
[Site "Chess.com"]
[Date "2024.02.27"]
[Round "2"]
[White "lucasran"]
[Black "Andreikka"]
[Result "1/2-1/2"]
[WhiteElo "2614"]
[BlackElo "2954"]
[TimeControl "180+1"]
[EndTime "14:18:33 PST"]
[Termination "Game drawn by agreement"]

1. Nf3 Nf6 2. c4 e6 3. g3 a6 4. Nc3 d5 5. cxd5 exd5 6. d4 h6 7. Bg2 Bd6 8. O-O O-O 9. Bf4 Bxf4 10. gxf4 Nc6 11. e3 Ne7 12. Ne5 c6 13. Rc1 Nf5 14. Ne2 Ne4 15. Ng3 Ned6 16. Nf3 f6 17. b4 Qe7 18. Qb3 Kh8 19. a4 g5 20. fxg5 hxg5 21. Rfe1 Be6 22. Qb1 Qh7 23. Nd2 Rae8 24.
Nxf5 Bxf5 25. Qb3 Kg7 26. b5 axb5 27. axb5 Nxb5 28. Bxd5 Rh8 29. Nf1 Bd3 30. Bg2 Nd6 31. e4 Bxf1 32. Kxf1 Qxh2 33. e5 fxe5 34. dxe5 Rxe5 35. Qb2 Re8 36. Rcd1 Nf7 37. Rd7 Kg8 38. Rxe5 Qxe5 39. Qxe5 Nxe5 40. Rxb7 Kf8 41. Rc7 Re6 42.
Be4 Ke8 43. Rg7 g4 44. Bf5 Rf6 45. Bxg4 c5 46. Rg5 Nd3 47. Rf5 Rd6 48. Be2 c4 49.
Bxd3 Rxd3 50. Rc5 Rd4 51. Ke2 Kd7 52. Ke3 Rd3+ 53. Ke4 Rd2 54. Rxc4 Rxf2 55. Rd4+ Ke6 56. Ke3 Rh2 57. Re4+ Kd5 58. Rd4+ Kc5 59. Re4 1/2-1/2

[Event "Late-Titled-Tuesday-Blitz-February-27-2024"]
[Site "Chess.com"]
[Date "2024.02.27"]
[Round "2"]
[White "GoltsevDmitry2000"]
[Black "GiorgianBarbosa"]
[Result "1/2-1/2"]
[WhiteElo "2761"]
[BlackElo "2542"]
[TimeControl "180+1"]
[EndTime "14:18:33 PST"]
[Termination "Game drawn - insufficient material"]

1. e4 c5 2. Nf3 d6 3. d4 cxd4 4.
Nxd4 Nf6 5. Nc3 a6 6. Be2 e5 7.
Nf5 Bxf5 8. exf5 d5 9. Bg5 d4 10. Ne4 Qa5+ 11. Bd2 Bb4 12. c3 Nxe4 13. cxb4 Qb6 14.
Bf3 Nxd2 15. Qxd2 O-O 16. O-O Nd7 17. a3 Rfe8 18. Bd5 Nf6 19. Ba2 Rad8 20. Rac1 e4 21. Qc2 Re7 22. Qc5 Qxc5 23. bxc5 g6 24. fxg6 hxg6 25. c6 Kg7 26. b4 d3 27. Rfd1 Rc8 28.
cxb7 Rxc1 29. Rxc1 Rxb7 30. Kf1 a5 31. bxa5 Rb5 32.
a6 Ra5 33. Bc4 Rxa3 34. Ke1 Nd7 35. Kd2 Nc5 36. Rc3 Ra5 37. Bd5 f5 38. Rxc5 Rxc5 39. a7 Rc2+ 40. Kd1 Rc8 41. a8=Q Rxa8 42. Bxa8 Kf6 43.
Kd2 Ke5 44. Bc6 Kd4 45. Be8 g5 46. g3 f4 47. gxf4 gxf4 48. h4 e3+ 49. Ke1 d2+ 50. Kd1 exf2 51. Bb5 Ke5 52. Bf1 Kf5 53. Be2 Kg6 54.
Kxd2 f1=Q 55. Bxf1 Kh5 56. Ke2 Kxh4 57. Kf3 Kg5 58. Bd3 Kf6 59. Kxf4 1/2-1/2

[Event "Late-Titled-Tuesday-Blitz-February-27-2024"]
[Site "Chess.com"]
[Date "2024.02.27"]
[Round "2"]
[White "YQPerez"]
[Black "delqate"]
[Result "1-0"]
[WhiteElo "2836"]
[BlackElo "2403"]
[TimeControl "180+1"]
[EndTime "14:18:33 PST"]
[Termination "YQPerez won on time"]

1. e4 d5 2. exd5 Qxd5 3. Nf3 Bg4 4. Be2 Nc6 5. d4 O-O-O 6. Be3 e5 7. c3 Nf6 8. O-O exd4 9. cxd4 h5 10. Nc3 Qa5 11.
Rc1 Bd6 12. h3 Kb8 13. Ng5 Bxe2 14. Nxe2 Qxa2 15. Nc3 Qxb2 16. Nxf7 Rhf8 17. Nxd8 Rxd8 18. Na4 Qa3 19. Rc3 Qa2 20. Nc5 Nd5 21. Rc2 Qa3 22. Qf3 Ncb4 23. Rcc1 Bxc5 24. Rxc5 b6 25. Rcc1 a5 26. Kh1 Qd3 27. Qxh5 Nxe3 28. fxe3 Qxe3 29.
Qf7 Nd5 30. Rfe1 Qxd4 31. Red1 Qf6 32. Qh5 c6 33. Rb1 Kc7 34. Qe2 Qd6 35. Qf2 Rb8 36. Qf7+ Qd7 37. Qf2 Qd6 38. Re1 Qd7 39. Qg3+ Qd6 40.
Qxg7+ Qd7 41. Qg3+ Qd6 42. Qf2 b5 43. Re4 b4 44.
Qa7+ Rb7 45. Qxa5+ Kd7 46. Rf1 b3 47. Rf7+ Ne7 48.
Rfxe7+ Qxe7 49. Rxe7+ Kxe7 50. Qe1+ Kd7 51. Qd2+ Kc7 52.
Qb2 c5 53. h4 Kc6 54. h5 c4 55.
g4 Kc5 56. h6 Kb4 57. Qd4 Ka3 58.
Qxc4 b2 59. Qa6+ 1-0

[Event "Late-Titled-Tuesday-Blitz-February-27-2024"]
[Site "Chess.com"]
[Date "2024.02.27"]
[Round "2"]
[White "rdarruda"]
[Black "Charodej1"]
[Result "1-0"]
[WhiteElo "2519"]
[BlackElo "2301"]
[TimeControl "180+1"]
[EndTime "14:18:34 PST"]
[Termination "rdarruda won by resignation"]

1. d4 Nf6 2. Nf3 e6 3. g3 c5 4.
Bg2 Nc6 5. O-O Be7 6. b3 O-O 7. Bb2 b6 8. Ne5 Bb7 9. Nd2 Qc7 10. Nxc6 Bxc6 11. e4 cxd4 12. Bxd4 Qb7 13. Qe2 Rfc8 14.
c4 d6 15. Rad1 a6 16. f4 Nd7 17. Rfe1 b5 18. Qg4 Bf8 19. Rc1 Nb6 20. c5 dxc5 21.
Bxc5 Bxc5+ 22. Rxc5 Qd7 23. Qe2 Bb7 24. Rec1 Rxc5 25.
Rxc5 Rc8 26. Rxc8+ Qxc8 27. Nf1 Qc5+ 28. Qf2 Nd7 29.
Qxc5 Nxc5 30. Nd2 a5 31. Kf2 Kf8 32. Ke3 Ke7 33. Kd4 Nd7 34. Bf1 Bc6 35. a3 Kd6 36. e5+ Kc7 37. Bd3 h6 38. h4 Kb6 39.
b4 Nf8 40. Be4 axb4 41. axb4 Nd7 42. Bxc6 Kxc6 43. Ne4 f6 44. Nd6 f5 45. Ne8 Nf8 46. h5 Kd7 47. Nd6 Kc6 48. Kd3 Nd7 49. Ke3 Nf8 50. Kd4 Nd7 51. Ne8 Nf8 52. Nxg7 Kd7 53. g4 fxg4 54. f5 exf5 55. Nxf5 Ne6+ 56. Ke3 g3 57.
Nxh6 Nc7 58. Nf5 Nd5+ 59. Kf3 Ke6 60. h6 Kf7 61. h7 g2 62. Kxg2 Nf4+ 63. Kf3 Ng6 64.
Ke4 Kf8 65. Kd5 1-0

[Event "Late-Titled-Tuesday-Blitz-February-27-2024"]
[Site "Chess.com"]
[Date "2024.02.27"]
[Round "2"]
[White "Yurovskykh_Oleksandr"]
[Black "Aleksandar-Topalov"]
[Result "1/2-1/2"]
[WhiteElo "2681"]
[BlackElo "2359"]
[TimeControl "180+1"]
[EndTime "14:18:35 PST"]
[Termination "Game drawn by repetition"]

1. d4 Nf6 2. Nf3 g6 3. Bf4 Bg7 4. e3 d6 5. h3 O-O 6. Be2 b6 7. c4 Ne4 8. O-O Bb7 9. Nbd2 Nxd2 10. Qxd2 Nd7 11. Rfd1 e5 12. Bh2 a5 13. dxe5 Nxe5 14.
Nxe5 Bxe5 15. Bxe5 dxe5 16. Qd7 Re8 17. Rd2 Qe7 18.
Rad1 Qc5 19. Qb5 Bc6 20. Qxc5 bxc5 21. Kf1 Kf8 22. Bf3 e4 23. Be2 Ke7 24. Ke1 Red8 25. Rxd8 Rxd8 26. Rc1 Rb8 27. Rc2 a4 28. Kd2 Kd6 29.
Kc1 Ke5 30. Rd2 f5 31. h4 Ke6 32. g3 h6 33. Bd1 Ke7 34. b3 a3 35. Kc2 Rb4 36. Kc3 Rb8 37. Be2 g5 38. hxg5 hxg5 39. Rd1 Rh8 40. b4 cxb4+ 41. Kxb4 Rh2 42. Rf1 f4 43.
gxf4 gxf4 44. exf4 e3 45. Kxa3 Rxf2 46. Rxf2 exf2 47.
Bf1 Kf6 48. Kb4 Kf5 49. a4 Kxf4 50. a5 Ke3 51. Kc5 Ba8 52. Kb5 Kd2 53. Ka6 Ke1 54.
Bh3 Be4 55. Ka7 Bd3 56. c5 Bf1 57. Bf5 Bg2 58. Bd3 Bf1 59. Bf5 Bg2 60. Bd3 Bf1 61. Bf5 1/2-1/2

[Event "Late-Titled-Tuesday-Blitz-February-27-2024"]
[Site "Chess.com"]
[Date "2024.02.27"]
[Round "2"]
[White "ImportedItalianMaple"]
[Black "chessdjw"]
[Result "0-1"]
[WhiteElo "2531"]
[BlackElo "2760"]
[TimeControl "180+1"]
[EndTime "14:18:37 PST"]
[Termination "chessdjw won by resignation"]

1. Nf3 d5 2. g3 Nc6 3. d4 Bf5 4. Bg2 Nb4 5. Na3 e6 6. O-O Nf6 7. Ne5 Be7 8. c3 Nc6 9. Nxc6 bxc6 10. Qa4 Qd7 11. c4 O-O 12. Bf4 Rfb8 13. cxd5 cxd5 14. Qxd7 Nxd7 15. e4 Bxe4 16. Bxe4 dxe4 17. Nc4 Nb6 18. Nxb6 Rxb6 19. b3 c5 20. dxc5 Bxc5 21. Rac1 Bd4 22. Rc4 e5 23. Be3 Rd8 24. Rd1 Rbd6 25. Kg2 h5 26. Bc1 f5 27. a4 Bb6 28. Rxd6 Rxd6 29.
b4 Rd3 30. a5 Bd4 31. Be3 Bxe3 32. fxe3 Rxe3 33. Rc7 Rb3 34. Rb7 a6 35. b5 axb5 36. a6 Ra3 37. a7 Kh7 38. Kf2 f4 39. Rxb5 Rxa7 40. Rxe5 Ra2+ 41. Kg1 fxg3 42. hxg3 Re2 43. Rxh5+ Kg6 44. Re5 Kf6 45. Re8 Kf5 46. Kf1 Ra2 47.
Rg8 g5 48. Rb8 Kg4 49. Rb3 Rc2 50. Kg1 Rd2 51. Kf1 Rd3 52. Rb4 Kf3 53. Ke1 Re3+ 54. Kf1 Kxg3 55. Rb5 g4 56. Rb2 Rf3+ 57. Kg1 Ra3 58.
Rg2+ Kf4 59. Rb2 e3 60. Kg2 Ra4 61. Kf1 Rd4 62. Rb8 Kg3 63. Ke1 Kg2 64. Ke2 g3 65. Kxe3 Rd6 66. Ke2 Rh6 67. Kd2 Kh2 68. Ke2 g2 0-1

[Event "Late-Titled-Tuesday-Blitz-February-27-2024"]
[Site "Chess.com"]
[Date "2024.02.27"]
[Round "2"]
[White "MikeSailer"]
[Black "Siemba"]
[Result "1/2-1/2"]
[WhiteElo "2187"]
[BlackElo "2463"]
[TimeControl "180+1"]
[EndTime "14:18:41 PST"]
[Termination "Game drawn by repetition"]

1. d4 Nf6 2. Bf4 g6 3. e3 Bg7 4. Be2 d6 5. Nf3 O-O 6. h3 Nbd7 7. O-O Qe8 8. c4 e5 9. Bh2 h5 10. Nc3 c6 11. b4 a5 12. b5 Qe7 13. bxc6 bxc6 14.
d5 c5 15. Nb5 Ne4 16. Nd2 Nxd2 17. Qxd2 f5 18. Nc7 Ra7 19. Ne6 Nf6 20. Nxf8 Qxf8 21. Rab1 Rf7 22. Rb8 f4 23. exf4 exf4 24. Bxf4 Nd7 25.
Rxc8 Qxc8 26. Bxd6 Bd4 27. Qg5 Rf6 28. Be7 Kg7 29.
Bxf6+ Nxf6 30. Bf3 Qa6 31. Rc1 a4 32. d6 Qxd6 33. Bd5 Qe7 34. Rb1 Qe2 35. Rb7+ Kf8 36. Rf7+ Ke8 37. Rxf6 Qe1+ 38. Kh2 Qe5+ 39. f4 Qxf6 40.
Qxf6 Bxf6 41. g4 Ke7 42. gxh5 gxh5 43. Kg3 Kd6 44. Kf3 a3 45. Ke4 Bd4 46. Kf5 h4 47. Kg6 Bf2 48. f5 Ke7 49. Kg7 Bd4+ 50. Kg6 Bf6 51.
Be4 Bd4 52. Bd5 Bf6 53. Be6 Be5 54. Bd5 Kf8 55. Be6 Ke7 56. Bd5 Bf6 1/2-1/2

[Event "Late-Titled-Tuesday-Blitz-February-27-2024"]
[Site "Chess.com"]
[Date "2024.02.27"]
[Round "2"]
[White "Bugcrusher"]
[Black "lucliasco"]
[Result "1/2-1/2"]
[WhiteElo "2585"]
[BlackElo "2891"]
[TimeControl "180+1"]
[EndTime "14:18:45 PST"]
[Termination "Game drawn - insufficient material"]

1. d4 d5 2. Bf4 c5 3. e3 Nc6 4. Nf3 Nf6 5. Nbd2 e6 6. c3 Qb6 7.
Rb1 a5 8. Bd3 Be7 9. O-O O-O 10.
Qe2 Bd7 11. dxc5 Bxc5 12. e4 Nh5 13. Bg3 Nxg3 14. hxg3 Rfe8 15. e5 h6 16. Nb3 Bf8 17. Nbd4 a4 18. a3 Bc5 19. Rbd1 Nxd4 20. cxd4 Be7 21.
g4 Ra5 22. Rc1 Bb5 23. Bxb5 Rxb5 24. Rc2 Rb3 25. Rfc1 Qb5 26. Qxb5 Rxb5 27. Rc8 Rxc8 28. Rxc8+ Kh7 29. Rc7 Bg5 30. Nxg5+ hxg5 31. Rxf7 Rxb2 32. g3 b5 33. Rb7 b4 34. axb4 a3 35. Ra7 Rxb4 36. Rxa3 Rxd4 37. Ra6 Rxg4 38. Rxe6 Re4 39. Kg2 g4 40. Kg1 g6 41. Kg2 Kh6 42. Re8 Kg5 43. f4+ gxf3+ 44. Kxf3 Kf5 45. Rf8+ Kxe5 46. Rg8 Kf5 47.
Rf8+ Kg5 48. Rd8 Rd4 49. Ke3 Re4+ 50. Kf3 Re5 51. Rd7 Kf6 52. Rd8 g5 53. Kg4 Ke7 54. Ra8 d4 55. Ra4 Rd5 56. Ra2 Kd6 57. Kf3 Re5 58. Ra6+ Kc7 59. Ra4 Re3+ 60. Kg4 Re4+ 61. Kxg5 Kd6 62. Kf5 Re5+ 63. Kf4 Rd5 64. Ra2 d3 65.
Rd2 Kc5 66. g4 Kd4 67. g5 Kc3 68. Rd1 Kc2 69. Rg1 d2 70. g6 Rd7 71. Kf5 Rd5+ 72. Kf6 Rd6+ 73. Kf7 Rd7+ 74. Kf6 Rd6+ 75. Kf7 d1=Q 76. Rxd1 Rxd1 77. g7 Rf1+ 78. Ke8 Rg1 79. Kf8 Rxg7 80. Kxg7 1/2-1/2

[Event "Late-Titled-Tuesday-Blitz-February-27-2024"]
[Site "Chess.com"]
[Date "2024.02.27"]
[Round "2"]
[White "semchik73"]
[Black "protectiago"]
[Result "1-0"]
[WhiteElo "2437"]
[BlackElo "2092"]
[TimeControl "180+1"]
[EndTime "14:18:46 PST"]
[Termination "semchik73 won on time"]

1. Nf3 Nf6 2. c4 c5 3. e3 Nc6 4. d4 cxd4 5. exd4 d5 6. Nc3 g6 7. Bg5 dxc4 8. Bxc4 Bg7 9. Ne5 O-O 10. Nxc6 bxc6 11.
O-O Rb8 12. Qd2 Qa5 13. Rfe1 e6 14. Rab1 Ba6 15. Bxa6 Qxa6 16. Qf4 Nd5 17. Nxd5 cxd5 18. Rec1 Qxa2 19. Be7 Rfc8 20. Bd6 Ra8 21. Ba3 Rc4 22. Qf3 Bxd4 23. h3 Rac8 24. Rd1 Bb6 25. Ra1 Bxf2+ 26.
Kxf2 Rc2+ 27. Kg1 Qc4 28. Rf1 f5 29. Qe3 Qe4 30. Qxe4 dxe4 31. Rad1 e3 32. Rfe1 e2 33.
Rd6 Kf7 34. Rd7+ Kf6 35. Kf2 Ke5 36. Rxe2+ Rxe2+ 37. Kxe2 Rc2+ 38. Kf3 g5 39. Bd6+ Kf6 40. Ba3 h5 41. Rxa7 g4+ 42. hxg4 hxg4+ 43. Kg3 Kg5 44. Be7+ Kg6 45. b4 e5 46. Ra6+ Kf7 47. Bc5 Rc3+ 48.
Kf2 f4 49. Bd6 Ke6 50. Bc5+ Kd5 51. Rd6+ Ke4 52. Rd2 Rb3 53. Re2+ Kf5 54. Bd6 e4 55. Rc2 e3+ 56. Ke2 Ke4 57. Rc4+ Kd5 58. Rxf4 Kxd6 59. Rxg4 Kd5 60. Rf4 Ke5 61. g3 Ke6 62. Kf3 Ke5 63. Re4+ Kf5 64. g4+ Kg5 65. Re5+ 1-0

[Event "Late-Titled-Tuesday-Blitz-February-27-2024"]
[Site "Chess.com"]
[Date "2024.02.27"]
[Round "2"]
[White "PepeCuenca"]
[Black "AjedrezenMadrid"]
[Result "1-0"]
[WhiteElo "2723"]
[BlackElo "2504"]
[TimeControl "180+1"]
[EndTime "14:18:47 PST"]
[Termination "PepeCuenca won by checkmate"]

1. d4 Nf6 2. Bf4 b6 3. Nc3 Bb7 4. f3 e6 5. e4 a6 6. Be3 Bb4 7. Ne2 d5 8. e5 Nfd7 9. a3 Be7 10. f4 c5 11. g3 Nc6 12. Bg2 b5 13. dxc5 Nxc5 14.
O-O Rc8 15. Nd4 Na5 16. Qe2 Nc4 17. Bc1 Qb6 18. Kh1 Na4 19. Nxa4 Qxd4 20. Nc3 Nxa3 21.
Be3 Qc4 22. Qf2 b4 23. bxa3 Qxc3 24. axb4 Qxc2 25. Qf3 O-O 26. h4 Qg6 27. Rab1 Rc2 28. Rf2 Rfc8 29. Rbf1 Rxf2 30. Qxf2 Rc2 31. Qf3 h5 32.
Bd4 Rd2 33. Be3 Rb2 34. Bc5 Bxc5 35. bxc5 Rb1 36. Kh2 Rxf1 37. Bxf1 Qc2+ 38. Bg2 Bc6 39. Qxh5 Qxc5 40. Qg5 a5 41. Qd8+ Qf8 42. Qxa5 Qe8 43. Qc5 Qd7 44. h5 Qb7 45. Qd6 Qb5 46. Qd8+ Be8 47.
Qe7 Qd7 48. Qg5 d4 49. h6 f6 50. exf6 Qf7 51. fxg7 Qh5+ 52. Qxh5 Bxh5 53. Be4 Be2 54. Kg1 d3 55. Kf2 Bf1 56. Ke3 Be2 57. Bxd3 Bg4 58. Be4 Bh3 59. Kd4 Bg4 60. Ke5 Bh3 61. Kf6 Bg4 62. h7# 1-0

[Event "Late-Titled-Tuesday-Blitz-February-27-2024"]
[Site "Chess.com"]
[Date "2024.02.27"]
[Round "2"]
[White "Arystanner"]
[Black "aistrel"]
[Result "1/2-1/2"]
[WhiteElo "2781"]
[BlackElo "2551"]
[TimeControl "180+1"]
[EndTime "14:18:50 PST"]
[Termination "Game drawn - insufficient material"]

1. d4 d5 2. c4 e6 3. Nc3 c6 4. e3 f5 5. Nf3 Nf6 6. Bd3 Bd6 7. O-O O-O 8. b3 Ne4 9. Bb2 Nd7 10. Ne2 g5 11. Ne5 g4 12. Nf4 Qf6 13. Bxe4 dxe4 14. Qd2 Nxe5 15. dxe5 Bxe5 16. Nh5 Qh8 17.
Bxe5 Qxe5 18. Rad1 b6 19. Qd6 Qxd6 20. Rxd6 c5 21.
Rfd1 Kf7 22. Rc6 Re8 23. Nf4 Rb8 24. h3 gxh3 25. Nxh3 Rb7 26. Nf4 Ke7 27. Kf1 Rd8 28. Rxd8 Kxd8 29. Rd6+ Ke7 30. Rd2 Rd7 31. Ke1 Bb7 32.
Kd1 e5 33. Nh5 Rxd2+ 34. Kxd2 Bc6 35. a4 Be8 36. Ng3 Kf6 37. Ne2 Kg5 38. Nc3 Bc6 39. Ke2 f4 40. Kf1 h5 41. Ke2 h4 42. Kf1 Kg4 43.
Kg1 f3 44. Nd1 fxg2 45. Kxg2 h3+ 46. Kg1 Kf3 47. Nc3 h2+ 48. Kxh2 Kxf2 49. Nd5 Ke2 50. Kg3 Kd3 51. Kg4 Kc2 52. Kf5 Kxb3 53. Kxe5 Kxc4 54. Nf6 Kb4 55. Kd6 Bxa4 56. Nxe4 Bc6 57.
Kxc6 c4 58. Kd5 c3 59. Nf2 c2 60. Nd3+ Kc3 61. Nc1 Kd2 62. Nb3+ Kxe3 63. Kc4 Ke2 64. Kc3 Kd1 65. Kb2 a5 66. Nc1 a4 67. Nd3 b5 68.
Nf2+ Kd2 69. Ne4+ Kd3 70. Nc5+ Kc4 71. Nxa4 bxa4 72. Kxc2 Kb4 73. Kb1 Ka3 74. Ka1 Kb3 75. Kb1 Ka3 76. Ka1 Kb3 77. Kb1 Kc3 78. Ka1 Kc2 79. Ka2 Kc3 80. Ka3 Kc2 81. Kxa4 1/2-1/2

[Event "Late-Titled-Tuesday-Blitz-February-27-2024"]
[Site "Chess.com"]
[Date "2024.02.27"]
[Round "2"]
[White "Petukhov_Dmitry"]
[Black "Sokoloco"]
[Result "0-1"]
[WhiteElo "2545"]
[BlackElo "2791"]
[TimeControl "180+1"]
[EndTime "14:18:57 PST"]
[Termination "Sokoloco won on time"]

1. e4 d6 2. d4 g6 3. Nc3 Bg7 4.
Be3 a6 5. a4 b6 6. Qd2 Bb7 7.
f3 Nd7 8. Bd3 c5 9. d5 b5 10. axb5 axb5 11. Rxa8 Qxa8 12. Nxb5 Qa1+ 13. Qc1 Qxb2 14. Qxb2 Bxb2 15. Kd2 Bg7 16. Ne2 Ngf6 17. Rb1 Bc8 18. Nc7+ Kd8 19. Nb5 Ne5 20. Bf4 Nh5 21.
g3 Nxf3+ 22. Ke3 Ne5 23. Na7 Kc7 24. Nb5+ Kd7 25. Na7 Nxd3 26. cxd3 Ba6 27. Rb6 Bc8 28. d4 cxd4+ 29. Nxd4 Bxd4+ 30. Kxd4 Nxf4 31. gxf4 g5 32. fxg5 h6 33. h4 hxg5 34. hxg5 Rh1 35. Rb8 Ba6 36. Rb6 Be2 37. Rb7+ Ke8 38. Nc6 Bg4 39. Rxe7+ Kf8 40. Rc7 Rd1+ 41. Ke3 Re1+ 42. Kf4 Bh3 43. Rb7 Bg2 44.
Re7 Rc1 45. Rd7 Re1 46. Rd8+ Kg7 47. Rxd6 Rxe4+ 48. Kf5 Rc4 49. Ke5 Re4+ 50. Kf5 Ra4 51. Rd8 Bh3+ 52. Ke5 Kg6 53. Rg8+ Kh7 54. Rf8 Kg7 55. Rd8 Kg6 56. Rg8+ Kh7 57. Rb8 Kg6 58. Kd6 Kxg5 59. Rg8+ Kf6 60. Kc7 Rc4 61. Rh8 Bg2 62. Rh6+ Kg7 63. Rh5 Kg6 64. Re5 f6 0-1

[Event "Late-Titled-Tuesday-Blitz-February-27-2024"]
[Site "Chess.com"]
[Date "2024.02.27"]
[Round "2"]
[White "AkatsukiLogHorizon"]
[Black "tandaleo"]
[Result "1-0"]
[WhiteElo "2288"]
[BlackElo "2494"]
[TimeControl "180+1"]
[EndTime "14:18:57 PST"]
[Termination "AkatsukiLogHorizon won on time"]

1. e3 Nf6 2. Nf3 d5 3. d4 Bf5 4. c4 c6 5. Nc3 e6 6. Bd3 Bxd3 7. Qxd3 Nbd7 8. O-O Bd6 9. a3 O-O 10. b4 dxc4 11.
Qxc4 e5 12. Bb2 e4 13. Nd2 Qe7 14. Qe2 Rfe8 15. Nc4 Bc7 16. b5 c5 17. Rfd1 cxd4 18. Rxd4 Nb6 19. Nxb6 Bxb6 20. Nd5 Nxd5 21. Rxd5 Red8 22.
Rad1 f6 23. Qc4 Kh8 24. h3 Rxd5 25. Rxd5 Qe8 26. Rd1 Rc8 27. Qb3 Qg8 28. Qxg8+ Kxg8 29. Rd2 Rd8 30. Rxd8+ Bxd8 31. Kf1 Kf7 32. Ke2 Ke6 33. Kd2 Kd5 34. Kc3 Ba5+ 35. Kb3 Be1 36. f3 Bd2 37.
Bd4 a6 38. bxa6 bxa6 39. Kc2 Ba5 40. Kb3 Bd8 41. Kb4 g6 42. Kb3 f5 43. Kc3 Ba5+ 44.
Kb3 f4 45. Ba7 fxe3 46. Bxe3 exf3 47. gxf3 Be1 48. Bg1 Bd2 49. Kc2 Bf4 50. Kd3 Bd6 51. a4 Bc5 52. Bh2 Bf2 53. Bf4 Kc5 54. Kc3 Be1+ 55.
Kb3 Kd4 56. Bc1 Kd3 57. f4 Ke4 58. Kc4 Bf2 59. Kb4 Bb6 60. Bd2 Kd3 61. Bc3 h5 62. Be5 Bd8 63. Kc5 Ke4 64. Kd6 g5 65.
fxg5 Bxg5 66. Ke6 Kd3 67. Kf5 Bd8 68. Bf6 Bc7 69. Kg5 Kc4 70. Kxh5 Kb4 71. Kg6 Kxa4 72. h4 1-0

[Event "Late-Titled-Tuesday-Blitz-February-27-2024"]
[Site "Chess.com"]
[Date "2024.02.27"]
[Round "2"]
[White "Zampronha1971"]
[Black "secretsuperstar7"]
[Result "1/2-1/2"]
[WhiteElo "2345"]
[BlackElo "2525"]
[TimeControl "180+1"]
[EndTime "14:19:01 PST"]
[Termination "Game drawn - insufficient material"]

1. e4 c5 2. Nf3 Nc6 3. d4 cxd4 4.
Nxd4 e5 5. Nb5 d6 6. N1c3 a6 7. Na3 b5 8. Nd5 Nf6 9. Bg5 Be7 10. Bxf6 Bxf6 11. c3 O-O 12. Nc2 Be6 13. a4 bxa4 14.
Rxa4 Bxd5 15. exd5 Nb8 16. Be2 a5 17. O-O Nd7 18. b4 axb4 19. Nxb4 Rxa4 20. Qxa4 Nc5 21. Qc2 e4 22. Nc6 Qd7 23. Ra1 Qf5 24. Bc4 Nd3 25. f3 Qf4 26. Bxd3 Qe3+ 27. Qf2 Qxd3 28. fxe4 Qxe4 29.
Re1 Qxd5 30. Qxf6 Qxc6 31. Qd4 h6 32. Rd1 Rd8 33. h3 d5 34. Rd3 Rd6 35. Rg3 Rg6 36. Rxg6 fxg6 37. Kh1 Qe6 38. Qd3 Qe1+ 39. Kh2 Qe5+ 40.
Kh1 Kh7 41. Kg1 h5 42. Kh1 Kh6 43. Kg1 Qe1+ 44. Kh2 Qe5+ 45. Kg1 g5 46. Kh1 g6 47. Kg1 h4 48. Kh1 Qf5 49. Qd4 Qf1+ 50. Kh2 Qf4+ 51. Qxf4 gxf4 52. Kg1 Kg5 53. Kf2 Kf5 54. Kf3 g5 55.
Kf2 Ke4 56. Ke2 d4 57. c4 d3+ 58.
Kd2 Kd4 59. c5 Kxc5 60. Kxd3 Kd5 61. Ke2 Ke4 62. Kf2 Kf5 63. Kf3 g4+ 64. hxg4+ Kg5 65.
Kf2 Kxg4 66. Kg1 Kg3 67. Kf1 Kg4 68. Kf2 Kg5 69. Kf1 Kf5 70. Kf2 Ke4 71. Ke2 Kf5 72.
Kf3 Kg5 73. Ke2 Kg4 74. Kf2 f3 75. gxf3+ Kf4 76. Kg2 h3+ 77. Kxh3 Kxf3 1/2-1/2

[Event "Late-Titled-Tuesday-Blitz-February-27-2024"]
[Site "Chess.com"]
[Date "2024.02.27"]
[Round "2"]
[White "elmusmolamas"]
[Black "waltereador"]
[Result "1/2-1/2"]
[WhiteElo "2499"]
[BlackElo "2274"]
[TimeControl "180+1"]
[EndTime "14:19:04 PST"]
[Termination "Game drawn - timeout vs insufficient material"]

1. e4 c6 2. c4 d5 3. exd5 cxd5 4. cxd5 Nf6 5. Nf3 Nxd5 6. Nc3 Nxc3 7. bxc3 g6 8. Qb3 Bg7 9. h4 h5 10. Bc4 O-O 11. Ng5 e6 12. Ba3 Re8 13. d4 Nc6 14. Qd1 Na5 15. Bd3 Bd7 16. Qf3 Qf6 17. Qxf6 Bxf6 18.
Ne4 Bg7 19. O-O Bc6 20. Bb4 Bxe4 21. Bxe4 Nc6 22. Bd6 Red8 23. Bf4 Rac8 24. Rab1 b6 25. a4 Na5 26. Rfc1 Nc4 27. g3 Bf6 28. Bb7 e5 29. dxe5 Bxe5 30. Bxe5 Nxe5 31. Bxc8 Rxc8 32. Kg2 Rc4 33. a5 bxa5 34. Rb5 Nd3 35. Ra1 Rxc3 36. Rbxa5 Rc2 37. R5a2 Rxa2 38. Rxa2 Nc5 39. Rxa7 Ne6 40.
Kf3 Kg7 41. Ke4 Kf6 42. Ra6 Ke7 43. Ke5 Nc5 44. Ra7+ Kf8 45. f3 Kg7 46. g4 hxg4 47.
fxg4 Nd3+ 48. Ke4 Nc5+ 49. Kf4 Ne6+ 50. Ke5 Nf8 51. Re7 Nh7 52. g5 Nf8 53. Kd6 Nh7 54. Kd7 Kf8 55. Re8+ Kg7 56. Ke7 f6 57. Ra8 fxg5 58.
hxg5 Nxg5 59. Ra5 Ne4 60. Ke6 Ng3 61. Ke5 Nf5 62. Kf4 Ne7 63. Ra6 Kf7 64. Kg5 Kg7 65. Ra7 Kf7 66. Ra6 Kg7 67. Rb6 Kf7 68. Rd6 Kg7 69.
Rf6 Kg8 70. Kh6 Nd5 71. Rxg6+ Kf7 72. Rd6 Ne7 73. Kg5 Ng8 74. Kf5 Ke7 75. Ra6 Ke8 76. Ke6 Kf8 77. Ra8+ Kg7 78. Ra7+ Kg6 79. Ra3 Nh6 80.
Rg3+ Kh5 81. Kf6 Ng4+ 82. Kf5 Nh6+ 83. Kf4 Nf7 84. Rg7 Nh6 85. Rg5+ Kh4 86. Rd5 Ng4 87. Rd8 Nh6 88. Rh8 Kh5 1/2-1/2